 Dungeon Crawl Stone Soup version 0.25.1-1-g288607f5aa (webtiles) character file.

Game seed: 1297923376800517190

126 Kold the Insei (level 5, -9/33 HPs)
             Began as an Octopode Transmuter on July 24, 2020.
             Mangled by a gnoll
             ... wielding a +1 whip of electrocution
              (20 damage)
             ... on level 3 of the Dungeon.
             The game lasted 00:04:20 (3043 turns).

Kold the Insei (Octopode Transmuter)                Turns: 3043, Time: 00:04:22

Health: -9/33      AC:  1    Str: 10    XL:     5   Next: 10%
Magic:  6/8        EV: 13    Int: 16    God:
Gold:   87         SH:  0    Dex: 12    Spells: 2/8 levels left

rFire    . . .     SeeInvis .     - Unarmed
rCold    . . .     Gourm    .   (no shield)
rNeg     . . .     Faith    .   (helmet restricted)
rPois    .         Spirit   .   (no amulet)
rElec    .         Reflect  .   f - ring of protection from magic
rCorr    .         Harm     .   (no ring)
MR       +....                  (no ring)
Stlth    +++.......             (no ring)
HPRegen  0.11/turn              (no ring)
MPRegen  0.11/turn              (no ring)
                                (no ring)
                                (no ring)

@: appendage, very slightly contaminated
A: almost no armour, stealthy swim, amphibious, 8 rings, constrict 8, tentacle
spike 3, camouflage 1, gelatinous body 1
a: End Transformation


You were on level 3 of the Dungeon.
You were not hungry.
One of your tentacles had a temporary spike.
You visited 1 branch of the dungeon, and saw 3 of its levels.

You collected 87 gold pieces.

Inventory:

Missiles
 a - 39 arrows
Jewellery
 f - a ring of protection from magic (left tentacle)
 q - an uncursed ring of stealth {unknown}
Wands
 r - a wand of enslavement (10)
Scrolls
 b - a scroll of fear
 e - a scroll of amnesia {unknown}
 g - a scroll of remove curse
 k - a scroll of enchant weapon {unknown}
 p - a scroll of identify {unknown}
Potions
 h - 4 potions of curing {unknown}
 i - a potion of haste {unknown}
 j - a potion of lignification {unknown}
 l - a potion of brilliance {unknown}
 m - a potion of mutation {unknown}
 o - a potion of degeneration {unknown}
Comestibles
 c - 5 rations
 n - 3 chunks of flesh


   Skills:
 - Level 1.0 Fighting
 - Level 2.0 Dodging
 - Level 3.0 Stealth
 + Level 4.2 Unarmed Combat
 - Level 2.0 Spellcasting
 + Level 3.4 Transmutations


You had 2 spell levels left.
You knew the following spells:

 Your Spells              Type           Power        Failure   Level  Hunger
a - Beastly Appendage     Tmut           ##....       4%          1    #......
b - Spider Form           Tmut/Pois      #.........   30%         3    ###....
c - Sticks to Snakes      Tmut           ##......     8%          2    ###....

Your spell library contained the following spells:

 Spells                   Type           Power        Failure   Level  Hunger
 Ice Form                 Ice/Tmut       #.......     71%         4    #####..
 Blade Hands              Tmut           ##........   80%         5    ######.


Dungeon Overview and Level Annotations

Branches:
Dungeon (3/15)

Altars:
Ashenzari
Kikubaaqudgha


Innate Abilities, Weirdness & Mutations

You cannot wear most types of armour.
You are very stealthy in the water. (Stealth+)
You are amphibious.
You can wear up to eight rings at the same time.
You can use your tentacles to constrict eight enemies at once.
Your skin changes colour to match your surroundings (Stealth+).
Your rubbery body absorbs attacks. (AC +1, EV +1)
One of your tentacles bears a large vicious spike.


Message History

You aren't carrying any armour which can be enchanted further.
A gnoll comes into view.
It is wielding a +1 whip of electrocution.
Casting: Beastly Appendage (safe; 4% risk of failure)
Confirm with . or Enter, or press ? or * to list all spells.
You miscast Beastly Appendage.
You are very lightly contaminated with residual magic.
Nothing appears to happen.
The gnoll hits you with a +1 whip of electrocution.
You are electrocuted!
Casting: Beastly Appendage (safe; 4% risk of failure)
Confirm with . or Enter, or press ? or * to list all spells.
One of your tentacles grows a vicious spike.
The gnoll closely misses you.
You tentacle-slap the gnoll. Your grab misses the gnoll.
Your tentacle spike misses the gnoll.
You squeeze the gnoll!
The gnoll is severely wounded.
The gnoll hits you with a +1 whip of electrocution!
You are electrocuted!!
Ouch! That really hurt!
You die...

.##.##..##.#
##.#
..#.##..##.#
#<.#
#.#.##..##.#
#..#
.#.##..##.#
#..# .#
#..##.#
#..#### ..#
#.....#
#.#.###
#.#.# #.#@#
..#g# #.#.#
#.#.# ...
..# #g# #.#


You could see 2 gnolls.

Vanquished Creatures
  8 adders
  2 worms (D:2)
  A leopard gecko (D:2)
  An orc (D:3)
  A ball python (D:1)
  A bat zombie (D:2)
  2 giant cockroaches (D:2)
  6 goblins
  2 hobgoblins
  7 jackals
  3 kobolds
  A quokka (D:3)
  4 bats (D:2)
  3 frilled lizards
  4 rats (D:2)
  2 rat zombies (D:2)
48 creatures vanquished.

Notes
Turn   | Place    | Note
-------+----------+-------------------------------------------
     0 | D:1      | Kold the Octopode Transmuter began the quest for the Orb.
     0 | D:1      | Reached XP level 1. HP: 13/13 MP: 3/3
   291 | D:1      | Reached skill level 1 in Stealth
   292 | D:1      | Reached XP level 2. HP: 16/18 MP: 3/5
  1551 | D:2      | Reached XP level 3. HP: 17/23 MP: 4/6
  1961 | D:2      | Found an ancient bone altar of Kikubaaqudgha.
  2165 | D:2      | Reached XP level 4. HP: 26/28 MP: 7/7
  2174 | D:2      | Learned a level 3 spell: Spider Form
  2177 | D:2      | Learned a level 2 spell: Sticks to Snakes
  2254 | D:2      | Found a shattered altar of Ashenzari.
  2704 | D:3      | Reached skill level 4 in Unarmed Combat
  2852 | D:3      | Reached XP level 5. HP: 25/33 MP: 8/8
  2994 | D:3      | Found a faded altar of an unknown god.
  3043 | D:3      | Mangled by a gnoll

Illustrated notes

Levels and vault maps discovered:
D:1:      elethiomel_arrival_shortcut, layout_loops_corners
D:2:      layout_rooms, lemuel_zombie_altar_kikubaaqudgha,
          ashenzari_conservatory_becter
D:3:      layout_basic, lemuel_doored_altar, nicolae_qazlal_eye_of_the_storm,
          portal_sewer_entry_f, chequers_ecumenical_altar_twisty,
          nicolae_dithmenos_shadow_blocks

Skill      XL: |  1  2  3  4 |
---------------+-------------+-----
Stealth        | 1 2 3 |  3.0
Transmutations | 3 |  3.4
Unarmed Combat | 4 |  4.2
Fighting       | |  1.0
Dodging        | |  2.0
Spellcasting   | |  2.0

Action                   |  1- 3 |  4- 6 || total
-------------------------+-------+-------++-------
Melee: Unarmed           |    68 |    48 ||   116
       Constrict         |    20 |    11 ||    31
       Tentacles         |    12 |     5 ||    17
       Kick              |    13 |     8 ||    21
       Punch             |     2 |     1 ||     3
 Cast: Beastly Appendage |    10 |     7 ||    17
  Use: Scroll            |       |     3 ||     3
 Stab: Sleeping          |     3 |     7 ||    10
  Eat: Chunk             |     4 |     3 ||     7
Armor: Skin              |     4 |     2 ||     6
Dodge: Dodged            |    45 |    34 ||    79
